 Dungeon Crawl Stone Soup version 0.28.0 (webtiles) character file.

Game seed: 344898380810372471

34 Sweetruy1997 the Skirmisher (level 3, -4/29 HPs)
             Began as a Demonspawn Chaos Knight on Feb 11, 2022.
             Was a Plaything of Xom.
             Slain by a worm (7 damage)
             ... on level 2 of the Dungeon.
             The game lasted 00:01:56 (1250 turns).

Sweetruy1997 the Skirmisher (DsCK)                  Turns: 1250, Time: 00:01:56

Health: -4/29      AC:  7    Str: 12    XL:     3   Next: 14%
Magic:  3/3        EV: 11    Int: 13    God:    Xom [..*...]
Gold:   12         SH:  0    Dex: 14    Spells: 2/2 levels left

rFire   . . .      SeeInvis .   a - +0 hand axe (chaos)
rCold   . . .      Faith    .   (no shield)
rNeg    . . .      Spirit   .   b - +2 leather armour
rPois   .          Reflect  .   (no helmet)
rElec   .          Harm     .   (no cloak)
rCorr   .          Rampage  .   (no gloves)
Will    .....                   (no boots)
Stlth   +.........              (no amulet)
HPRegen 0.09/turn               (no ring)
MPRegen 0.08/turn               (no ring)

@: no status effects
A: thin metallic scales 1
a: Renounce Religion


You were on level 2 of the Dungeon.
You worshipped Xom.
You were a toy of Xom.
You visited 1 branch of the dungeon, and saw 2 of its levels.

You collected 12 gold pieces.

Inventory:

Hand Weapons
 a - a +0 hand axe of chaos (weapon)
Armour
 b - a +2 leather armour (worn)
Scrolls
 c - a scroll of magic mapping {unknown}
Potions
 d - a potion of ambrosia {unknown}


   Skills:
 + Level 3.6 Fighting
 + Level 3.2 Axes
 - Level 2.0 Armour
 + Level 0.9 Dodging


You had 2 spell levels left.
You didn't know any spells.
Your spell library was empty.

Dungeon Overview and Level Annotations

Branches:
Dungeon (2/15)

Altars:


Innate Abilities, Weirdness & Mutations

You are partially covered in thin metallic scales. (AC +2)


Message History

There is a stone staircase leading up here.
Found a pair of gloves.
No target in view!
A rat comes into view.
The rat moves out of view.
A worm comes into view.
You hit the rat.
You kill the rat!
Found 4 gold pieces.
You hit the worm but do no damage. The worm bites you but does no damage.
You hit the worm. You punch the worm.
The worm is heavily wounded.
You hit the worm.
The worm resists with some effort.
The worm is heavily wounded.
The worm bites you!
You hit the worm but do no damage.
The worm is heavily wounded.
The worm barely misses you.
You hit the worm.
The worm is almost dead.
You barely miss the worm.
The worm is almost dead.
The worm bites you.
You barely miss the worm.
The worm is severely wounded.
The worm bites you!
You hit the worm but do no damage.
The worm is severely wounded.
The worm bites you.
* * * LOW HITPOINT WARNING * * *
You hit the worm but do no damage.
The worm is severely wounded.
You barely miss the worm.
The worm is severely wounded.
The worm bites you.
* * * LOW HITPOINT WARNING * * *
You hit the worm. You burn the worm.
The worm is almost dead.
The worm bites you!
You die...

#<....#
########..#..##..
#.#.#.#.#........
#................
#.#.#.#.#.#..#...
#.[.#.#...#..# ..
#.#.#.###.#..#
#.......#.# .#
#..@..#.#.# .#
#.#w.......
#.........#
#.#.......#
#.........# #
#.#.....#
#.#.....#
#.#$#...#


You could see a worm.

Vanquished Creatures
  4 dart slugs (D:1)
  4 bats (D:1)
  An endoplasm (D:1)
  6 giant cockroaches (D:1)
  2 quokkas (D:1)
  A frilled lizard (D:1)
  3 goblins (D:1)
  4 rats
25 creatures vanquished.

Vanquished Creatures (others)
  A withered plant (D:2)
1 creature vanquished.

Grand Total: 26 creatures vanquished

Notes
Turn   | Place    | Note
-------+----------+-------------------------------------------
     0 | D:1      | Sweetruy1997 the Demonspawn Chaos Knight began the quest
                  | for the Orb.
     0 | D:1      | Reached XP level 1. HP: 18/18 MP: 1/1
    51 | D:1      | XOM: divination: magic mapping
   110 | D:1      | XOM: silly message
   169 | D:1      | XOM: silly message
   186 | D:1      | XOM: silly message
   209 | D:1      | Gained mutation: You are partially covered in thin metallic
                  | scales. (AC +2) [demonic ancestry]
   209 | D:1      | Reached XP level 2. HP: 24/24 MP: 2/2
   512 | D:1      | XOM: divination: detect creatures
   903 | D:1      | Reached XP level 3. HP: 29/29 MP: 3/3
  1250 | D:2      | Slain by a worm

Illustrated notes

Levels and vault maps discovered:
D:1:      nagdon_arrival_zigzag_paths, layout_basic, palyth_stone_intersect,
          minmay_pentomino_w2
D:2:      layout_basic, ebering_ecumenical_altar_petrified, eino_tiny_chamber,
          chequers_serial_rivers_micro_b, dk_noncrumbling_2,
          kennysheep_generic_room_10

Skill      XL: |  1  2 |
---------------+-------+-----
Axes           | 3 |  3.2
Armour         | 2 |  2.0
Fighting       | |  3.6
Dodging        | |  0.9

Action                   || total
-------------------------++-------
Melee: Hand axe          ||    89
       Punch             ||     1
Armor: Leather armour    ||    37
Dodge: Dodged            ||    50
